 Dungeon Crawl Stone Soup version 0.28-a0-802-g09f76e8c00 (webtiles) character file.

Game seed: 13209553961451955058

11 swappor the Chopper (level 2, 27/27 HPs)
             Began as a Minotaur Berserker on Nov 7, 2021.
             Was a Follower of Trog.
             Quit the game on level 1 of the Dungeon on Nov 18, 2021.
             The game lasted 00:04:58 (342 turns).

swappor the Chopper (Minotaur Berserker)             Turns: 342, Time: 00:04:59

Health: 27/27      AC:  2    Str: 21    XL:     2   Next: 13%
Magic:  1/1        EV: 12    Int:  4    God:    Trog [*.....]
Gold:   9          SH:  0    Dex:  9    Spells: 1/1 levels left

rFire   . . .      SeeInvis .   a - +0 hand axe
rCold   . . .      Faith    .   (no shield)
rNeg    . . .      Spirit   .   b - +0 animal skin
rPois   .          Reflect  .   (helmet restricted)
rElec   .          Harm     .   (no cloak)
rCorr   .          Rampage  .   (no gloves)
Will    .....                   (no boots)
Stlth   +.........              (no amulet)
HPRegen 0.09/turn               (no ring)
MPRegen 0.07/turn               (no ring)

@: no status effects
A: horns 2, retaliatory headbutt
a: Renounce Religion, Berserk


You were on level 1 of the Dungeon.
You worshipped Trog.
Trog was aware of your devotion.
You visited 1 branch of the dungeon, and saw 1 of its levels.

You collected 9 gold pieces.

Inventory:

Hand Weapons
 a - a +0 hand axe (weapon)
Armour
 b - a +0 animal skin (worn)
Scrolls
 c - a scroll of identify {unknown}
 e - a scroll of noise {unknown}
 f - a scroll of immolation {unknown}
 g - a scroll of teleportation {unknown}
Potions
 d - a potion of berserk rage {unknown}
 h - a potion of attraction {unknown}


   Skills:
 + Level 3.8 Fighting
 * Level 4.0 Axes
 + Level 2.7 Armour
 + Level 2.4 Dodging


You had one spell level left.
You didn't know any spells.
Your spell library was empty.

Dungeon Overview and Level Annotations

Branches:
Dungeon (1/15)

Altars:

Shops:
D:1 [


Innate Abilities, Weirdness & Mutations

You have a pair of horns on your head.
You reflexively headbutt those who attack you in melee.


Message History

You see here a scroll labelled RIYRPH GYDOEB.
e - a scroll labelled RIYRPH GYDOEB You slash the endoplasm!
You kill the endoplasm!
Trog accepts your kill.
You have reached level 2!
You hit the hobgoblin but do no damage. The hobgoblin closely misses you.
You hit the hobgoblin but do no damage. The hobgoblin hits you.
You hit the hobgoblin. Your headbutt misses the hobgoblin.
The hobgoblin is severely wounded.
The hobgoblin barely misses you. You furiously retaliate!
You headbutt the hobgoblin!
You kill the hobgoblin!
Trog accepts your kill.
You see here a hobgoblin corpse.
A rat comes into view.
Found a scroll labelled YMYBUK KUMINK.
A ball python comes into view.
The ball python hisses angrily.
You see here a scroll labelled VEAMNU YROL.
f - a scroll labelled VEAMNU YROL You slash the rat!
You kill the rat!
Trog accepts your kill.
Your Axes skill increases to level 4!
You hit the ball python.
You kill the ball python!
Trog accepts your kill.
You see here a rat corpse.
g - a scroll labelled YMYBUK KUMINK
There are no items here.
Found Qotust's Antique Armour Emporium.
Found a fuming puce potion.
h - a fuming puce potion
There is an entrance to Qotust's Antique Armour Emporium here.
Welcome back, swappor the Minotaur Berserker.
Trog says: Kill them all!
Press ? for a list of commands and other information.
Unknown command.
Are you sure you want to abandon this character and quit the game? (Confirm with "yes".)

...#♣♣♣ ♣ #........†...>.#
...♣♣.♣PP♣ #..............#
.).....P♣♣## #..............♣
...♣P..PP♣.. #..............♣
....♣♣♣♣♣...##.............♣♣
....##.....................♣
....##........8.8.8...........
....# #####....⌠.⌠.........♣♣P
....# #...8.@.8#######.♣ ....#
#....⌠.⌠.# ..♣ ....#
####8.8.8# .♣ ....# ###..##
##### ..... ####.# ... ##


There were no monsters in sight!

Vanquished Creatures
  2 endoplasms (D:1)
  A goblin (D:1)
  A hobgoblin (D:1)
  3 jackals (D:1)
  A ball python (D:1)
  A rat (D:1)
9 creatures vanquished.

Notes
Turn   | Place    | Note
-------+----------+-------------------------------------------
     0 | D:1      | swappor the Minotaur Berserker began the quest for the Orb.
     0 | D:1      | Reached XP level 1. HP: 19/19 MP: 0/0
   297 | D:1      | Reached XP level 2. HP: 27/27 MP: 1/1
   308 | D:1      | Reached skill level 4 in Axes
   322 | D:1      | Found Qotust's Antique Armour Emporium.
   342 | D:1      | Quit the game

Illustrated notes

Levels and vault maps discovered:
D:1:      nagdon_arrival_zigzag_paths, layout_basic, serial_forest,
          infiniplex_forest_end_1, infiniplex_forest_zigzag_2,
          infiniplex_forest_fountain, infiniplex_forest_straight_3,
          serial_shops, nicolae_shop_temple_entry_statues_fountains,
          minmay_misc_feat_cross

Skill      XL: |  1  2 |
---------------+-------+-----
Axes           | 4 |  4.0
Fighting       | |  3.8
Armour         | |  2.7
Dodging        | |  2.4

Action                   || total
-------------------------++-------
Melee: Hand axe          ||    16
       Headbutt          ||     3
Armor: Animal skin       ||     1
Dodge: Dodged            ||     8

Table legend: (Time is in decaauts)
 A = Elapsed time spent in this place.
 B = Non-inter-level travel time spent in this place.
 C = Inter-level travel time spent in this place.
 D = Time resting spent in this place.
 E = Time spent auto-exploring this place.
 F = Levels seen in this place.
 G = Mean time per level.
                   A        B        C        D        E       F      G
               +--------+--------+--------+--------+--------+-----+--------+
         Total |    343 |    343 |      0 |     86 |     98 |   1 |  343.0 |
       Dungeon |    343 |    343 |      0 |     86 |     98 |   1 |  343.0 |
               +--------+--------+--------+--------+--------+-----+--------+

Top non-repeatable levels by time:
     D:1: 343 daAuts
